 Dungeon Crawl Stone Soup version 0.26-a0-937-g67df3f2acb (webtiles) character file.

Game seed: 13813240627778895470

9 Descartes the Sneak (level 2, 0/14 HPs)
             Began as a Felid Delver on Nov 27, 2020.
             Succumbed to a worker ant's poison
             ... on level 5 of the Dungeon.
             The game lasted 00:02:50 (116 turns).

Descartes the Sneak (Felid Delver)                   Turns: 116, Time: 00:02:51

Health: 0/14       AC:  1    Str:  8    XL:     2   Next: 6%
Magic:  3/3        EV: 18    Int: 11    God:
Gold:   17         SH:  0    Dex: 17    Spells: 1/1 levels left
                                        Lives:  0   Deaths: 0

rFire    . . .     SeeInvis +     - Unarmed
rCold    . . .     Faith    .   (shield unavailable)
rNeg     . . .     Spirit   .   (armour unavailable)
rPois    .         Reflect  .   (helmet unavailable)
rElec    .         Harm     .   (cloak unavailable)
rCorr    .         Rampage  .   (gloves unavailable)
MR       .....                  (boots unavailable)
Stlth    ++++......             (no amulet)
HPRegen  0.04/turn              (no ring)
MPRegen  0.08/turn              (no ring)

@: lethally poisoned (0 -> -13), quick
A: very small, no armour, no weapons or thrown items, stealth, claws 1, fangs 3,
see invisible, speed 1, shaggy fur 1, sharp paws
a: no special abilities


You were on level 5 of the Dungeon.
You visited 1 branch of the dungeon, and saw 1 of its levels.

You collected 17 gold pieces.

Inventory:

Missiles
 h - 21 stones
Wands
 e - a wand of digging (3)
Scrolls
 a - a scroll of fog
 b - a scroll of magic mapping
 c - a scroll of fear
 f - a scroll of remove curse {unknown}
 g - a scroll of identify {unknown}
Potions
 d - 2 potions of haste


   Skills:
 - Level 3.0 Fighting
 + Level 3.3 Dodging
 + Level 6.9 Stealth
 - Level 2.0 Unarmed Combat


You had one spell level left.
You didn't know any spells.
Your spell library was empty.

Dungeon Overview and Level Annotations

Branches:
Dungeon (5/15)
 Temple: D:4-7

Altars:

Annotations:
D:5 Blork the orc, Dowan, Duvessa, Pikel


Innate Abilities, Weirdness & Mutations

You cannot wear armour.
You are incapable of wielding weapons or throwing items.
Your paws allow you to move quietly. (Stealth)
You have sharp claws.
You have razor-sharp teeth.
You have supernaturally acute eyesight. (SInv)
You cover ground quickly.
You are covered in fur. (AC +1)
Your sharp claws are effective at attacking unaware monsters.


Message History

The worker ant poisons you! The leopard gecko misses you. The lemure hits you.
The leopard gecko completely misses you.
The worker ant misses you.
You barely miss the worker ant.
The worker ant is moderately wounded.
* * * LOW HITPOINT WARNING * * *
You feel sick. The leopard gecko bites you.
* * * LOW HITPOINT WARNING * * *
The worker ant misses you. The leopard gecko bites you.
* * * LOW HITPOINT WARNING * * *
The lemure misses you.
You scratch the worker ant.
The worker ant is moderately wounded.
* * * LOW HITPOINT WARNING * * *
You feel sick.
The leopard gecko closely misses you. x2
The worker ant barely misses you.
Unknown command.
You barely miss the worker ant.
The worker ant is moderately wounded.
You die...

#### #### #!.## #..#
#... #..#
########.######..#
5.o...........#..#
..l§........#.#.B#
...5l†...##.#.#l@#
##....#..##...#l5###
.e...?5..###..#....#
##....#.## #..##.#.#
######l# ##.##.#.# #.#
#..#e#.#
#.#####..#.#.#####
###.l...#..5.........#
#.......ll...........#


You could see 2 lemures, Dowan, a worker ant and 2 leopard geckos.

Vanquished Creatures
  An adder (D:5)
  A leopard gecko skeleton (D:5)
2 creatures vanquished.

Notes
Turn   | Place    | Note
-------+----------+-------------------------------------------
     0 | D:5      | Descartes the Felid Delver began the quest for the Orb.
     0 | D:5      | Reached XP level 1. HP: 10/10 MP: 2/2
    37 | D:5      | Reached XP level 2. HP: 14/14 MP: 3/3
    37 | D:5      | Noticed a lemure
    77 | D:5      | Noticed Blork the orc
    77 | D:5      | Noticed Pikel
    77 | D:5      | Noticed a lemure
    77 | D:5      | Noticed a lemure
    77 | D:5      | Noticed a lemure
    77 | D:5      | Noticed Dowan
    80 | D:5      | Noticed Duvessa
   116 | D:5      | Succumbed to a worker ant's poison

Illustrated notes

Levels and vault maps discovered:
D:5:      layout_basic, uniq_blork_the_orc, uniq_pikel, uniq_duvessa,
          uniq_crazy_yiuf_cottage

Skill      XL: |  1 |
---------------+----+-----
Dodging        | 3 |  3.3
Fighting       | |  3.0
Stealth        | |  6.9
Unarmed Combat | |  2.0

Action                   || total
-------------------------++-------
Melee: Unarmed           ||     8
 Stab: Sleeping          ||     2
Dodge: Dodged            ||    12

Table legend: (Time is in decaauts)
 A = Elapsed time spent in this place.
 B = Non-inter-level travel time spent in this place.
 C = Inter-level travel time spent in this place.
 D = Time resting spent in this place.
 E = Time spent auto-exploring this place.
 F = Levels seen in this place.
 G = Mean time per level.
                   A        B        C        D        E       F      G
               +--------+--------+--------+--------+--------+-----+--------+
         Total |     95 |     86 |      9 |      0 |     39 |   1 |   95.0 |
       Dungeon |     95 |     86 |      9 |      0 |     39 |   1 |   95.0 |
               +--------+--------+--------+--------+--------+-----+--------+

Top non-repeatable levels by time:
     D:5: 95 daAuts
